 Dungeon Crawl Stone Soup version 0.29-a0-565-g7a16c6de65 (webtiles) character file.

Game seed: 6941958473135083580

15 KristoblXynda the Skirmisher (level 2, 0/26 HPs)
             Began as a Draconian Monk on June 12, 2022.
             Frozen to death by an endoplasm (2 damage)
             ... on level 1 of the Dungeon.
             The game lasted 00:00:28 (430 turns).

KristoblXynda the Skirmisher (Draconian Monk)        Turns: 430, Time: 00:00:28

Health: 0/26       AC:  4    Str: 13    XL:     2   Next: 34%
Magic:  2/2        EV: 12    Int: 10    God:
Gold:   29         SH:  0    Dex: 13    Spells: 1/1 levels left

rFire   . . .      SeeInvis .     - Unarmed
rCold   . . .      Faith    .   (no shield)
rNeg    . . .      Spirit   .   (body armour unavailable)
rPois   .          Reflect  .   (helmet restricted)
rElec   .          Harm     .   (no cloak)
rCorr   .          Rampage  .   (no gloves)
Will    .....                   (no boots)
Stlth   ++........              (no amulet)
HPRegen 0.08/turn               (no ring)
MPRegen 0.08/turn               (no ring)

@: no status effects
A: AC +4, unfitting armour, cold-blooded
a: no special abilities


You were on level 1 of the Dungeon.
You visited 1 branch of the dungeon, and saw 1 of its levels.

You collected 29 gold pieces.

Inventory:

Jewellery
 b - a ring of wizardry
Scrolls
 c - a scroll of noise {unknown}
 d - a scroll of identify {unknown}
Potions
 a - a potion of ambrosia
 e - a potion of resistance {unknown}


   Skills:
 + Level 3.6 Fighting
 + Level 3.0 Dodging
 - Level 1.7 Stealth
 + Level 3.2 Unarmed Combat


You had one spell level left.
You didn't know any spells.
Your spell library was empty.

Dungeon Overview and Level Annotations

Branches:
Dungeon (1/15)

Altars:


Innate Abilities, Weirdness & Mutations

Your plain brown scales are hard. (AC +4)
You cannot fit into any form of body armour.
You are cold-blooded and may be slowed by cold attacks.


Message History

The quokka bites you. The endoplasm freezes you.
You are frozen.
You feel as though you will be slow longer.
The quokka barely misses you.
You closely miss the quokka.
The quokka is almost dead.
The endoplasm freezes you.
You are frozen.
You feel as though you will be slow longer.
The quokka bites you but does no damage.
The endoplasm hits you. The quokka misses you. The endoplasm hits you.
The endoplasm freezes you.
You are frozen.
* * * LOW HITPOINT WARNING * * *
The quokka closely misses you. The endoplasm hits you.
* * * LOW HITPOINT WARNING * * *
The quokka bites you but does no damage.
You hit the quokka but do no damage.
The quokka is almost dead.
The quokka bites you.
* * * LOW HITPOINT WARNING * * *
The quokka bites you but does no damage.
You barely miss the quokka.
The quokka is almost dead.
You feel yourself speed up. The quokka closely misses you.
You closely miss the quokka.
Your tail-slap misses the quokka.
The quokka is almost dead.
The quokka bites you.
* * * LOW HITPOINT WARNING * * *
You hit the quokka.
You kill the quokka!
Your Dodging skill increases to level 3!
You hit the endoplasm.
The endoplasm is severely wounded.
The endoplasm freezes you.
You are frozen.
You die...

#...#.##.#.....).#...#
#.....##.#.......#...#
####...#.##.#.......#...#
.......#.##.#...........'
#?..........#.......#...#
#....).............#...#
#.......##.....>........
#.#...#J##..########....
#.#.#@##.... #####
#.#.#......... . #
#.#.##..##### # ........#
#.#..#.## ...#.. ...#
....


You could see an endoplasm.

Vanquished Creatures
  A dart slug (D:1)
  2 ball pythons (D:1)
  A giant cockroach (D:1)
  3 goblins (D:1)
  A quokka (D:1)
  2 bats (D:1)
  A frilled lizard (D:1)
  A rat (D:1)
12 creatures vanquished.

Notes
Turn   | Place    | Note
-------+----------+-------------------------------------------
     0 | D:1      | KristoblXynda the Draconian Monk began the quest for the
                  | Orb.
     0 | D:1      | Reached XP level 1. HP: 19/19 MP: 1/1
   171 | D:1      | Found a faded altar of an unknown god.
   243 | D:1      | Reached XP level 2. HP: 26/26 MP: 2/2
   430 | D:1      | Frozen to death by an endoplasm

Illustrated notes

Levels and vault maps discovered:
D:1:      mrwooster_arrival_arrow, layout_basic, basic_ecumenical_altar,
          serial_bayou_ford_a

Skill      XL: |  1  2 |
---------------+-------+-----
Dodging        | 3 |  3.0
Fighting       | |  3.6
Stealth        | |  1.7
Unarmed Combat | |  3.2

Action                   || total
-------------------------++-------
Melee: Unarmed           ||    55
       Tailslap          ||     6
       Punch             ||     1
 Stab: Sleeping          ||     2
Armor: Skin              ||    24
Dodge: Dodged            ||    33

Table legend: (Time is in decaauts)
 A = Elapsed time spent in this place.
 B = Non-inter-level travel time spent in this place.
 C = Inter-level travel time spent in this place.
 D = Time resting spent in this place.
 E = Time spent auto-exploring this place.
 F = Levels seen in this place.
 G = Mean time per level.
                   A        B        C        D        E       F      G
               +--------+--------+--------+--------+--------+-----+--------+
         Total |    443 |    443 |      0 |      0 |    332 |   1 |  443.0 |
       Dungeon |    443 |    443 |      0 |      0 |    332 |   1 |  443.0 |
               +--------+--------+--------+--------+--------+-----+--------+

Top non-repeatable levels by time:
     D:1: 443 daAuts
